 Dungeon Crawl Stone Soup version 0.26-a0-852-g6321bf7485 (webtiles) character file.

Game seed: 4695348871892123087

88 marklar909 the Vandal (level 4, -2/30 HPs)
             Began as a Halfling Hunter on Nov 22, 2020.
             Slain by Grinder (6 damage)
             ... on level 3 of the Dungeon.
             The game lasted 00:02:08 (1872 turns).

marklar909 the Vandal (Halfling Hunter)             Turns: 1872, Time: 00:02:09

Health: -2/30      AC:  3    Str: 18 (20) XL:     4   Next: 81%
Magic:  4/4        EV: 14    Int:  8 (9)  God:
Gold:   156        SH:  0    Dex: 12 (14) Spells: 3/3 levels left

rFire    . . .     SeeInvis .   a - +1 hunting sling
rCold    . . .     Faith    .   (shield restricted)
rNeg     . . .     Spirit   .   c - +0 leather armour
rPois    .         Reflect  .   (no helmet)
rElec    .         Harm     .   (no cloak)
rCorr    .         Rampage  .   (no gloves)
MR       .....                  (no boots)
Stlth    +.........             (no amulet)
HPRegen  0.10/turn              l - +6 ring of strength
MPRegen  0.09/turn              (no ring)

@: no status effects
A: small, mutation resistance 1
a: no special abilities


You were on level 3 of the Dungeon.
You visited 1 branch of the dungeon, and saw 3 of its levels.

You collected 156 gold pieces.

Inventory:

Hand Weapons
 a - a +1 hunting sling (weapon)
 b - a +0 short sword
Missiles
 d - 36 sling bullets
 f - 57 stones (quivered)
Armour
 c - a +0 leather armour (worn)
Jewellery
 l - a +6 ring of strength (left hand)
Wands
 q - a wand of acid (4)
Scrolls
 g - a scroll of identify
 m - a scroll of enchant armour {unknown}
 n - a scroll of enchant weapon {unknown}
 o - 3 scrolls of remove curse {unknown}
 p - a scroll of random uselessness {unknown}
 r - 2 scrolls of fog
Potions
 e - a potion of resistance
 h - a potion of heal wounds {unknown}
 i - a potion of magic {unknown}
 j - a potion of attraction {unknown}
 k - 2 potions of degeneration


   Skills:
 + Level 2.6 Fighting
 + Level 7.3 Slings
 + Level 1.0 Armour
 + Level 2.5 Dodging
 + Level 1.2 Stealth


You had 3 spell levels left.
You didn't know any spells.
Your spell library was empty.

Dungeon Overview and Level Annotations

Branches:
Dungeon (3/15)

Altars:
Qazlal

Annotations:
D:3 Grinder


Innate Abilities, Weirdness & Mutations

You are small and have problems with some larger weapons.
You are somewhat resistant to further mutation.


Message History

Grinder is heavily wounded.
Grinder gestures at you.
You suddenly lose the ability to move!
Grinder hits you.
You writhe in agony.
Grinder hits you.
* * * LOW HITPOINT WARNING * * *
You writhe in agony.
* * * LOW HITPOINT WARNING * * *
Grinder barely misses you. Grinder hits you but does no damage.
Grinder gestures at you. You resist with significant effort.
Grinder blinks!
You can move again.
Unknown command.
It was a potion of degeneration.
There was something very wrong with that liquid.
You feel weakened.
You feel dopey.
You feel clumsy. Grinder hits you.
You die...

###### #....# #.##.#
..# ##### #.##.# ..#
......###.##.#####
#.###
(...((w@5.##....)###...
......########.....#..#
....( #.....#..# ..((
#.....#..# ###
#........## #.....##..#
#########.# #.# #..


You could see Grinder and a worm.

Vanquished Creatures
  A gnoll (D:1)
  An adder (D:2)
  An ooze (D:3)
  A worm (D:2)
  2 dart slugs (D:2)
  2 orcs
  2 giant cockroaches
  5 goblins
  5 hobgoblins
  7 jackals
  3 quokkas
  9 bats
  2 frilled lizards
  6 kobolds
  4 rats
51 creatures vanquished.

Notes
Turn   | Place    | Note
-------+----------+-------------------------------------------
     0 | D:1      | marklar909 the Halfling Hunter began the quest for the Orb.
     0 | D:1      | Reached XP level 1. HP: 14/14 MP: 1/1
   117 | D:1      | Reached skill level 6 in Slings
   233 | D:1      | Reached XP level 2. HP: 19/19 MP: 2/2
   253 | D:1      | Reached XP level 3. HP: 12/24 MP: 3/3
   684 | D:1      | Reached skill level 7 in Slings
  1230 | D:2      | Reached XP level 4. HP: 29/29 MP: 4/4
  1680 | D:3      | Found a stormy altar of Qazlal.
  1780 | D:3      | Reached skill level 1 in Armour
  1849 | D:3      | Noticed Grinder
  1865 | D:3      | Paralysed by Grinder for 6 turns
  1872 | D:3      | Slain by Grinder

Illustrated notes

Levels and vault maps discovered:
D:1:      sevenhm_arrival_forest_fort_small_4, layout_loops_ring,
          hangedman_decor_clover_reticule
D:2:      lemuel_upstairs_altar, layout_basic
D:3:      layout_basic, st_stairs_6, grunt_qazlal_sundering, uniq_grinder,
          uniq_natasha

Skill      XL: |  1  2  3  4 |
---------------+-------------+-----
Slings         | 6 7 |  7.3
Fighting       | 2 |  2.6
Armour         | 1 |  1.0
Dodging        | |  2.5
Stealth        | |  1.2

Action                   |  1- 3 |  4- 6 || total
-------------------------+-------+-------++-------
 Fire: Hunting sling     |    90 |    75 ||   165
  Use: Scroll            |     2 |     3 ||     5
       Potion            |       |     1 ||     1
Armor: Leather armour    |     9 |    10 ||    19
Dodge: Dodged            |    34 |    34 ||    68

Table legend: (Time is in decaauts)
 A = Elapsed time spent in this place.
 B = Non-inter-level travel time spent in this place.
 C = Inter-level travel time spent in this place.
 D = Time resting spent in this place.
 E = Time spent auto-exploring this place.
 F = Levels seen in this place.
 G = Mean time per level.
                   A        B        C        D        E       F      G
               +--------+--------+--------+--------+--------+-----+--------+
         Total |   1851 |   1824 |     27 |      0 |   1545 |   3 |  617.0 |
       Dungeon |   1851 |   1824 |     27 |      0 |   1545 |   3 |  617.0 |
               +--------+--------+--------+--------+--------+-----+--------+

Top non-repeatable levels by time:
     D:1: 844 daAuts
     D:2: 784 daAuts
     D:3: 222 daAuts
